 Dungeon Crawl Stone Soup version 0.20.1-2-g1830e616b0 (webtiles) character file.

133 Alfie the Shooter (level 5, -11/38 HPs)
             Began as a Human Hunter on Jan 31, 2020.
             Mangled by an orc
             ... wielding a +1 whip of electrocution
              (19 damage)
             ... on level 4 of the Dungeon.
             The game lasted 00:08:10 (1661 turns).

Alfie the Shooter (Human Hunter)                    Turns: 1661, Time: 00:08:11

Health: -11/38     AC:  5    Str: 14    XL:     5   Next: 40%
Magic:  5/5        EV: 12    Int: 11    God:
Gold:   119        SH:  0    Dex: 13    Spells: 4/4 levels left

rFire    . . .     SeeInvis .   b - +0 short sword
rCold    . . .     Gourm    .   (no shield)
rNeg     . . .     Faith    .   c - +2 leather armour
rPois    .         Spirit   .   (no helmet)
rElec    .         Reflect  .   (no cloak)
rCorr    .         Harm     .   (no gloves)
MR       .....                  (no boots)
Stlth    +.........             (no amulet)
Regen    0.2/turn               (no ring)
MPRegen  0.1/turn               (no ring)

@: no status effects
A: no striking features
a: no special abilities


You were on level 4 of the Dungeon.
You were not hungry.

You visited 1 branch of the dungeon, and saw 4 of its levels.

You collected 119 gold pieces.

Inventory:

Hand Weapons
 a - a +1 shortbow
 b - a +0 short sword (weapon)
Missiles
 d - 6 arrows
 e - 15 poisoned needles (quivered)
Armour
 c - a +2 leather armour (worn)
 t - a +0 helmet
Jewellery
 k - an uncursed amulet of regeneration {unknown}
 u - an uncursed amulet of harm {unknown}
Wands
 g - a wand of flame (36/48)
Scrolls
 h - a scroll of identify
 p - a scroll of magic mapping
 q - 2 scrolls of remove curse {unknown}
 r - a scroll of enchant weapon {unknown}
 w - a scroll of fog {unknown}
Potions
 m - 3 potions of lignification {unknown}
 o - 3 potions of curing {unknown}
 s - a potion of mutation {unknown}
 v - a potion of haste {unknown}
 x - a potion of degeneration {unknown}
Books
 l - a book of Maledictions

   Spells                             Type                      Level
   a - Corona                         Hexes                        1
   b - Ensorcelled Hibernation        Hexes/Ice                    2
   c - Confuse                        Hexes                        3
   d - Tukima's Dance                 Hexes                        3
   e - Dazzling Spray                 Conjuration/Hexes            3
Comestibles
 f - 2 bread rations
 j - a meat ration


   Skills:
 + Level 2.2 Fighting
 + Level 6.0 Bows
 + Level 0.2 Armour
 + Level 2.2 Dodging
 + Level 1.1 Stealth


You had 4 spell levels left.
You didn't know any spells.

Dungeon Overview and Level Annotations

Branches:
Dungeon (4/15)
 Temple: D:4-7

Altars:
Elyvilon
Xom

Annotations:
D:3 Alfie's ghost, amateur HuHu


Message History

You climb upwards.
Level annotation: Alfie's ghost, amateur HuHu The orc barely misses you.
Alfie's ghost closely misses you. The orc hits you but does no damage.
Alfie's ghost closely misses you.
There is a stone staircase leading down here.
Alfie's ghost barely misses you. The orc barely misses you.
You climb downwards.
You hear the hiss of flowing sand.
There is an entrance to an ossuary on this level.
Hurry and find it before the portal is buried!
There is a stone staircase leading up here.
You hit the orc but do no damage.
The orc hits you with a whip of electrocution.
* * * LOW HITPOINT WARNING * * *
You hit the orc but do no damage. The orc barely misses you.
You hit the orc but do no damage.
The orc hits you with a whip of electrocution.
* * * LOW HITPOINT WARNING * * *
You are electrocuted!
Ouch! That really hurt!
You die...

#...# #...# ..
######...#
...#######........#
..................#
..........†.......#
........#........#
.♣♣).....#.o....###
..........@.....#
.........#.†#####
..#.....#..##
#.##......#
#.......#.#
####.##.#(#
#....#.. .........
########..#


You could see an orc.

Vanquished Creatures
  A hound (D:4)
  An orc wizard (D:3)
  3 adders (D:2)
  2 dart slugs (D:1)
  2 leopard geckos (D:2)
  An orc (D:2)
  A ball python (D:1)
  2 giant cockroaches
  3 goblins
  4 hobgoblins
  7 jackals
  2 bats (D:2)
  5 frilled lizards
  7 kobolds
  3 rats
44 creatures vanquished.

Vanquished Creatures (others)
  A butterfly (D:2)
1 creature vanquished.

Grand Total: 45 creatures vanquished

Notes
Turn   | Place    | Note
-------+----------+-------------------------------------------
     0 | D:1      | Alfie the Human Hunter began the quest for the Orb.
     0 | D:1      | Reached XP level 1. HP: 16/16 MP: 1/1
    66 | D:1      | Reached XP level 2. HP: 22/22 MP: 2/2
   586 | D:2      | Reached XP level 3. HP: 27/27 MP: 3/3
   635 | D:2      | Found a shimmering altar of Xom.
   746 | D:2      | Reached skill level 5 in Bows
   856 | D:2      | Found a white marble altar of Elyvilon.
  1291 | D:2      | Reached XP level 4. HP: 33/33 MP: 4/4
  1430 | D:2      | Reached XP level 5. HP: 32/38 MP: 5/5
  1521 | D:3      | Noticed Alfie's ghost (amateur HuHu)
  1580 | D:4      | Reached skill level 6 in Bows
  1661 | D:4      | Mangled by an orc

Skill      XL: |  1  2  3  4  5 |
---------------+----------------+-----
Bows           | 5 6 |  6.0
Fighting       | |  2.2
Armour         | |  0.2
Dodging        | |  2.2
Stealth        | |  1.1

Action                   |  1- 3 |  4- 6 || total
-------------------------+-------+-------++-------
Melee: Short sword       |    16 |    28 ||    44
 Fire: Shortbow          |    86 |    26 ||   112
  Use: Scroll            |     6 |       ||     6
       Potion            |     1 |       ||     1
  Eat: Bread ration      |     1 |       ||     1
Armor: Leather armour    |     4 |    30 ||    34
Dodge: Dodged            |    40 |    58 ||    98
